 Dungeon Crawl Stone Soup version 0.30-a0-1016-gfb0d676c02 (webtiles) character file.

Game seed: 8303639478792426236

438 ThatPearl the Chopper (level 7, 0/55 (63) HPs)
             Began as a Hill Orc Monk on Apr 7, 2023.
             Slain by a wight
             ... wielding a +5 flail
              (2 damage)
             ... on level 4 of the Dungeon.
             The game lasted 00:06:15 (2362 turns).

ThatPearl the Chopper (Hill Orc Monk)               Turns: 2362, Time: 00:06:15

HP:   0/55 (63)     AC:  9    Str: 16    XL:     7   Next: 1%
MP:   6/7           EV: 11    Int: 10    God:
Gold: 177           SH:  0    Dex: 13    Spells: 6/6 levels left

rFire   . . .      SeeInvis .    a - +0 war axe
rCold   . . .      Faith    .    (no shield)
rNeg    . . .      Spirit   .    g - +0 ring mail
rPois   .          Reflect  .    (no helmet)
rElec   .          Rampage  .    (no cloak)
rCorr   .                        t - +2 pair of gloves {infuse}
Will    .....                    (no boots)
Stlth   +                        r - amulet of magic regeneration
HPRegen 0.29/turn                (no ring)
MPRegen 0.50/turn                (no ring)

@: heavily drained
A: no striking features
a: no special abilities


You were on level 4 of the Dungeon.
You visited 1 branch of the dungeon, and saw 4 of its levels.

You collected 177 gold pieces.

Inventory:

Hand Weapons
 a - a +0 war axe (weapon)
 b - a +3 sling
Armour
 g - a +0 ring mail (worn)
 k - a +0 robe
 t - a +2 pair of gloves of infusion (worn)
Jewellery
 r - an amulet of magic regeneration (around neck)
Wands
 f - a wand of paralysis (11)
 p - a wand of acid (3)
Scrolls
 d - a scroll of fog {unknown}
 e - a scroll of vulnerability {unknown}
 h - a scroll of identify {unknown}
 i - 2 scrolls of summoning {unknown}
 j - 3 scrolls of magic mapping {unknown}
 m - a scroll of enchant weapon {unknown}
 o - 3 scrolls of immolation {unknown}
 v - a scroll of fear {unknown}
Potions
 c - a potion of ambrosia
 l - 2 potions of degeneration {unknown}
 n - a potion of mutation {unknown}
 q - a potion of cancellation {unknown}
 s - 3 potions of magic {unknown}
 u - a potion of lignification {unknown}


   Skills:
 + Level 6.0 Fighting
 + Level 6.6 Axes
 + Level 4.2 Armour
 - Level 2.4 Dodging
 - Level 1.5 Stealth


You had 6 spell levels left.
You didn't know any spells.
Your spell library was empty.

Dungeon Overview and Level Annotations

Branches:
Dungeon (4/15)
 Temple: D:4-7

Altars:
Gozag
Sif Muna


Message History

The wight is moderately damaged.
The wight hits you with a +0 hand axe.
You feel drained.
You barely miss the wight.
The wight is moderately damaged.
You hear the slow rusting of a drain very nearby.
The wight misses you.
You closely miss the wight.
The wight is moderately damaged.
The wight hits you but does no damage.
You barely miss the wight.
The wight is moderately damaged.
The wight hits you with a +0 hand axe. The wight barely misses you.
You hit the wight.
The wight is heavily damaged.
The wight hits you with a +0 hand axe.
You feel drained.
You hit the wight.
The wight is almost destroyed.
The wight hits you with a +0 hand axe.
* * * LOW HITPOINT WARNING * * *
You feel drained.
You closely miss the wight.
The wight is almost destroyed.
The wight misses you.
You slash the wight!
You destroy the wight!
Your Fighting skill increases to level 6!
You have reached level 7!
You barely miss the wight. The wight hits you with a +5 flail.
* * * LOW HITPOINT WARNING * * *
You barely miss the wight. The wight barely misses you.
The wight hits you with a +5 flail.
* * * LOW HITPOINT WARNING * * *
You feel drained.
* * * LOW HITPOINT WARNING * * *
You hit the wight.
The wight is moderately damaged.
The wight hits you with a +5 flail!
* * * LOW HITPOINT WARNING * * *
You feel drained.
You die...

### #.#
#.######## ..#
#....@z..# ###.#
#.######.# #<#.#
#.# .# #.#.# #.#
.# #.#.###.# J#
#.#.....#### z#
#..............#
################


You could see a wight.

Vanquished Creatures
  An ogre (D:3)
  A scorpion (D:4)
  3 wights (D:4)
  A jelly (D:3)
  4 gnolls (D:3)
  3 adders
  2 dart slugs (D:2)
  5 endoplasms
  2 giant cockroaches (D:1)
  5 hobgoblins
  3 quokkas
  6 ball pythons
  5 bats
  6 goblins
  5 kobolds
  2 rats
54 creatures vanquished.

Notes
Turn   | Place    | Note
-------+----------+-------------------------------------------
     0 | D:1      | ThatPearl the Hill Orc Monk began the quest for the Orb.
     0 | D:1      | Reached XP level 1. HP: 19/19 MP: 1/1
   321 | D:1      | Reached XP level 2. HP: 27/27 MP: 2/2
   361 | D:1      | Reached skill level 1 in Armour
   675 | D:2      | Reached XP level 3. HP: 24/33 MP: 3/3
  1313 | D:3      | Found a faded altar of an unknown god.
  1317 | D:3      | Reached XP level 4. HP: 41/41 MP: 4/4
  1391 | D:3      | Found an opulent altar of Gozag.
  1503 | D:3      | Reached skill level 5 in Axes
  1690 | D:3      | Reached XP level 5. HP: 33/47 MP: 3/5
  1693 | D:3      | Paralysed by a gnoll for 3 turns
  1815 | D:3      | Found a shimmering blue altar of Sif Muna.
  1863 | D:3      | Noticed an ogre
  1872 | D:3      | Killed an ogre
  1873 | D:3      | Reached skill level 5 in Fighting
  1873 | D:3      | Reached XP level 6. HP: 32/56 MP: 3/6
  2360 | D:4      | Reached XP level 7. HP: 18/59 MP: 5/7
  2362 | D:4      | HP: 2/57 [wight/+5 flail (10)]
  2362 | D:4      | Slain by a wight

Illustrated notes

Levels and vault maps discovered:
D:1:      dpeg_arrival_arbitrary_b, layout_rooms, serial_aquarium,
          aquarium_bridge_square [aquarium_subvault_bridge,
          aquarium_subvault_wall, aquarium_subvault_wall,
          aquarium_subvault_window], aquarium_window_3, aquarium_window_fake,
          aquarium_view_2e, minmay_tetromino_t2
D:2:      layout_basic, nicolae_eternal_life
D:3:      layout_loops_ring, lemuel_round_altar, general_overflow_altar,
          nicolae_ecumenical_snake_handling
D:4:      layout_basic, serial_shops, nicolae_shop_crystal,
          nicolae_shop_competitors_out_of_business, nicolae_shop_hallway_plus,
          portal_sewer_entry_d

Skill      XL: |  1  2  3  4  5  6 |
---------------+-------------------+-----
Armour         | 1 2 3 4 |  4.2
Fighting       | 4 5 6 |  6.0
Axes           | 5 6 |  6.6
Dodging        | |  2.4
Stealth        | |  1.5

Action                     |  1- 3 |  4- 6 |  7- 9 || total
---------------------------+-------+-------+-------++-------
  Melee: Hand axe          |    82 |     1 |       ||    83
         War axe           |       |    66 |     3 ||    69
   Fire: Sling             |    21 |    12 |       ||    33
   Stab: Sleeping          |     1 |       |       ||     1
 Armour: Robe              |     2 |       |       ||     2
         Ring mail         |    24 |    23 |       ||    47
  Dodge: Dodged            |    48 |    41 |     1 ||    90

Table legend: (Time is in decaauts)
 A = Elapsed time spent in this place.
 B = Non-inter-level travel time spent in this place.
 C = Inter-level travel time spent in this place.
 D = Time resting spent in this place.
 E = Time spent auto-exploring this place.
 F = Levels seen in this place.
 G = Mean time per level.
                   A        B        C        D        E       F      G
               +--------+--------+--------+--------+--------+-----+--------+
         Total |   2390 |   2255 |    135 |     64 |   1735 |   4 |  597.5 |
       Dungeon |   2390 |   2255 |    135 |     64 |   1735 |   4 |  597.5 |
               +--------+--------+--------+--------+--------+-----+--------+

Top non-repeatable levels by time:
     D:3: 1028 daAuts
     D:2: 677 daAuts
     D:1: 624 daAuts
     D:4: 59 daAuts
